 Dungeon Crawl Stone Soup version 0.29-a0-317-gd16b76e6b1 (webtiles) character file.

Game seed: 13062701785606778366

969 Dabor the Skirmisher (level 8, 0/80 HPs)
             Began as an Ogre Arcane Marksman on Mar 31, 2022.
             Slain by a wolf (3 damage)
             ... on level 4 of the Dungeon.
             The game lasted 00:13:59 (6556 turns).

Dabor the Skirmisher (Ogre Arcane Marksman)         Turns: 6556, Time: 00:13:59

Health: 0/80       AC:  6    Str: 15    XL:     8   Next: 16%
Magic:  14/14      EV: 11    Int: 16    God:
Gold:   41         SH:  0    Dex: 17    Spells: 12/16 levels left

rFire   . . .      SeeInvis +   o - +2 whip (pain)
rCold   x . .      Faith    .   (no shield)
rNeg    . . .      Spirit   .   q - +2 robe of the Heavens {rElec rC- Int+2}
rPois   .          Reflect  .   n - +1 hat
rElec   +          Harm     .   (no cloak)
rCorr   .          Rampage  .   (gloves unavailable)
Will    .....                   (boots unavailable)
Stlth   ++........              g - amulet of the acrobat
HPRegen 0.23/turn               h - ring of see invisible
MPRegen 0.14/turn               l - +6 ring of dexterity

@: hasted, very quick
A: large, unfitting armour, tough skin 1
a: no special abilities


You were on level 4 of the Dungeon.
You visited 1 branch of the dungeon, and saw 5 of its levels.

You collected 216 gold pieces.
You spent 175 gold pieces at shops.

Inventory:

Hand Weapons
 a - a +1 hunting sling of freezing
 o - a +2 whip of pain (weapon)
Missiles
 c - a throwing net
Armour
 b - a +1 robe
 n - a +1 hat (worn)
 q - the +2 robe of the Heavens (worn) {rElec rC- Int+2}
   (You found it on level 4 of the Dungeon)

   Int:       It affects your intelligence (+2).
   rC:        It makes you vulnerable to cold.
   rElec:     It insulates you from electricity.
Jewellery
 g - an amulet of the acrobat (around neck)
 h - a ring of see invisible (left hand)
 l - a +6 ring of dexterity (right hand)
Wands
 j - a wand of flame (24)
 r - a wand of mindburst (13)
Scrolls
 e - a scroll of magic mapping
 f - 2 scrolls of teleportation
 k - a scroll of immolation
 p - a scroll of blinking
 t - a scroll of identify
 w - a scroll of fear {unknown}
Potions
 d - a potion of magic
 i - a potion of brilliance
 m - a potion of lignification
 u - a potion of might {unknown}
 v - a potion of mutation


   Skills:
 + Level 5.3 Fighting
 - Level 1.3(2.3) Slings
 + Level 3.8(4.1) Throwing
 + Level 4.0 Dodging
 + Level 4.5 Spellcasting
 + Level 4.5 Hexes


You had 12 spell levels left.
You knew the following spells:

 Your Spells              Type           Power      Damage    Failure   Level
a - Slow                  Hex            72%        N/A       2%          1
b - Portal Projectile     Hex/Tloc       20%        N/A       19%         3

Your spell library contained the following spells:

 Spells                   Type           Power      Damage    Failure   Level
 Freeze                   Ice            12%        1d4       16%         1
 Pain                     Necr           12%        1d4       16%         1
 Inner Flame              Hex/Fire       10%        N/A       19%         3
 Static Discharge         Conj/Air       3%         N/A       24%         2
 Cause Fear               Hex            9%         N/A       24%         4
 Frozen Ramparts          Ice            6%         1d2       43%         3
 Dispel Undead            Necr           3%         3d7       85%         4
 Hailstorm                Conj/Ice       3%         3d3       85%         4
 Sticky Flame             Conj/Fire      3%         2d3       85%         4
 Agony                    Necr           3%         N/A       99%         5
 Excruciating Wounds      Necr           1%         N/A       99%         5


Dungeon Overview and Level Annotations

Branches:
Dungeon (5/15)             Temple (0/1) D:5

Altars:
The Shining One

Shops:
D:5 *

Annotations:
D:5 3 runed translucent doors, paps's ghost, amateur GrGl


Innate Abilities, Weirdness & Mutations

You are too large for most types of armour.
You have tough skin. (AC +1)


Message History

The wolf bites you.
* * * LOW HITPOINT WARNING * * *
The wolf attacks as you move away! The wolf barely misses you.
The wolf bites you.
* * * LOW HITPOINT WARNING * * *
Really quaff the potion of lignification?
Okay, then.
Unknown command.
The wolf attacks as you move away! The wolf misses you.
The wolf closely misses you.
The kobold brigand shouts!
The wolf completely misses you.
The gnoll sergeant zaps a wand.
You hear a grinding noise.
The wolf attacks as you move away! The wolf closely misses you.
The wolf barely misses you.
You see here a +0 whip.
The wolf completely misses you. The wolf attacks as you move away!
The wolf misses you.
You hear a zap.
You hear a grinding noise.
The wolf misses you. The wolf misses you.
There is a stone staircase leading up here.
The wolf barely misses you. The wolf bites you!
* * * LOW HITPOINT WARNING * * *
You climb upwards.
There is a stone staircase leading down here.
Your +1 hunting sling of freezing stops glowing.
You have a feeling of ineptitude.
o - a +2 whip of pain (weapon)
You completely miss the wolf.
The wolf is heavily wounded.
The wolf bites you!
* * * LOW HITPOINT WARNING * * *
The wolf bites you but does no damage.
You miss the wolf.
The wolf is heavily wounded.
The wolf barely misses you. The wolf closely misses you.
It was a potion of haste.
You feel yourself speed up. The wolf bites you.
You die...

.......# ##.###.# #..........
.......# #..##.# #..........
....)#.# ####.##.######..........
.....#.# #...............#.......
.....#.# #.###.#.#######.#.......
#.##.#.# #...#...# #.#.......
#.##.#.# ###.##..# #.#.......
#.##.#.#####.##..# #.#.......
#.##.#.##.......@# #.##'##...
#.##.#.##.......h# #.##.##...
#.##.#.##........#######....##...
.....#.##.................#.##...
#.####.##............[....#######
#.####.##.................#
#.#.........<###.#####...##
#.#..........###.# #...#
#.#..............# #####


You could see a wolf.

Vanquished Creatures
  A sky beast (D:5)
  A black bear (D:4)
  An ogre (D:4)
  A gnoll sergeant (D:5)
  2 necrophages (D:5)
  2 scorpions
  A howler monkey (D:4)
  An orc priest (D:4)
  3 hounds
  An iguana (D:3)
  Natasha (D:2)
  3 adders
  7 gnolls
  3 worms
  8 orcs
  10 ball pythons
  5 endoplasms
  2 giant cockroaches
  8 hobgoblins
  6 jackals
  6 kobolds
  4 quokkas
  5 bats
  5 frilled lizards
  4 goblins
  6 rats
97 creatures vanquished.

Notes
Turn   | Place    | Note
-------+----------+-------------------------------------------
     0 | D:1      | Dabor the Ogre Arcane Marksman began the quest for the Orb.
     0 | D:1      | Reached XP level 1. HP: 19/19 MP: 2/2
   151 | D:1      | Reached XP level 2. HP: 26/28 MP: 4/4
   718 | D:1      | Reached skill level 2 in Fighting
   874 | D:1      | Reached XP level 3. HP: 35/35 MP: 5/5
   914 | D:1      | Reached skill level 1 in Throwing
  1485 | D:2      | Noticed Natasha
  1522 | D:2      | Killed Natasha
  1523 | D:2      | Reached XP level 4. HP: 8/44 MP: 7/7
  1803 | D:2      | You fall into a shaft and drop 1 floor!
  2261 | D:3      | Reached XP level 5. HP: 52/52 MP: 8/8
  2542 | D:3      | Reached skill level 3 in Fighting
  3161 | D:4      | Identified the +2 robe of the Heavens {rElec rC- Int+2}
  3176 | D:4      | Learned a level 3 spell: Portal Projectile
  3571 | D:4      | Found a glowing golden altar of the Shining One.
  3657 | D:4      | Reached XP level 6. HP: 19/61 MP: 10/10
  4284 | D:5      | Entered Level 5 of the Dungeon
  4319 | D:5      | Reached skill level 4 in Fighting
  4419 | D:5      | Noticed a sky beast
  4445 | D:5      | Killed a sky beast
  4446 | D:5      | Reached XP level 7. HP: 45/70 MP: 9/12
  4616 | D:5      | Found a runed translucent gate.
  4629 | D:5      | Found a runed translucent gate.
  5957 | D:5      | Found a runed translucent gate.
  6033 | D:5      | Noticed paps's ghost (amateur GrGl)
  6035 | D:5      | Found Efroraha's General Store.
  6059 | D:5      | Bought a scroll of blinking for 75 gold pieces
  6059 | D:5      | Bought a scroll of identify for 20 gold pieces
  6059 | D:5      | Bought a potion of mutation for 80 gold pieces
  6163 | D:4      | Reached skill level 5 in Fighting
  6245 | D:4      | Reached XP level 8. HP: 80/80 MP: 14/14
  6307 | D:5      | Found a staircase to the Ecumenical Temple.
  6554 | D:4      | HP: 2/80 [wolf (9)]
  6556 | D:4      | Slain by a wolf

Illustrated notes

Levels and vault maps discovered:
D:1:      ebering_trefoil_3fold, layout_rooms
D:2:      layout_basic, hellmonk_ecumenical_altar_defaced_shrine, uniq_natasha
D:3:      layout_basic, wander_ebering_terrifying_dragon_lair
D:4:      layout_basic, nicolae_overflow_crystal_walls
D:5:      layout_cave_pools, minmay_temple_entry_mini_moons, serial_gnoll_camp,
          gnoll_camp_mini_loothouse, gnoll_camp_mini_house,
          gnoll_camp_mini_shop, gnoll_camp_mini_house, gnoll_camp_mini_shop,
          gammafunk_ghost_nasty_kobolds, kennysheep_doodads

Skill      XL: |  1  2  3  4  5  6  7  8 |
---------------+-------------------------+-----
Dodging        | 2 3 4 |  4.0
Fighting       | 2 3 4 5 |  5.3
Throwing       | 1 2 3 |  3.8
Hexes          | 3 4 |  4.5
Spellcasting   | 2 3 4 |  4.5
Slings         | |  1.3

Action                   |  1- 3 |  4- 6 |  7- 9 || total
-------------------------+-------+-------+-------++-------
Melee: Whip              |       |       |     2 ||     2
 Fire: Hunting sling     |   195 |   248 |   159 ||   602
 Cast: Slow              |     2 |     8 |    23 ||    33
       Portal Projectile |       |     3 |     3 ||     6
  Use: Potion            |     3 |       |     3 ||     6
       Scroll            |     1 |     2 |     6 ||     9
Armor: Robe              |    73 |    48 |    26 ||   147
       Skin              |       |       |     1 ||     1
Dodge: Dodged            |   154 |    91 |   110 ||   355

Table legend: (Time is in decaauts)
 A = Elapsed time spent in this place.
 B = Non-inter-level travel time spent in this place.
 C = Inter-level travel time spent in this place.
 D = Time resting spent in this place.
 E = Time spent auto-exploring this place.
 F = Levels seen in this place.
 G = Mean time per level.
                   A        B        C        D        E       F      G
               +--------+--------+--------+--------+--------+-----+--------+
         Total |   6816 |   6568 |    248 |   1133 |   3924 |   5 | 1363.2 |
       Dungeon |   6816 |   6568 |    248 |   1133 |   3924 |   5 | 1363.2 |
               +--------+--------+--------+--------+--------+-----+--------+

Top non-repeatable levels by time:
     D:4: 2698 daAuts
     D:3: 1331 daAuts
     D:1: 1032 daAuts
     D:5: 888 daAuts
     D:2: 865 daAuts
